[Event "11th Tamil Nadu Circuit-IM 2024"]
[Site "Chennai"]
[Date "2024.01.11"]
[Round "4.3"]
[White "Priyanka, K."]
[Black "Lokesh, N.."]
[Result "1/2-1/2"]
[ECO "C70"]
[WhiteElo "2068"]
[BlackElo "2140"]
[Annotator "RC"]
[PlyCount "108"]
[EventDate "2024.01.09"]
[EventType "tourn"]
[EventCountry "IND"]
[SourceTitle "playchess.com"]
[Source "ChessBase"]
[SourceQuality "1"]
[TimeControl "5400+30"]

1. e4 e5 2. Nf3 Nc6 3. Bb5 Nge7 4. c3 a6 5. Ba4 g6 6. d4 exd4 7. cxd4 b5 8. Bb3 Bg7 9. Nc3 O-O 10. h4 Na5 11. h5 Nxb3 12. Qxb3 d5 13. hxg6 fxg6 14. Bg5 Be6 15. O-O-O Qd6 16. Bxe7 Qxe7 17. exd5 Bf7 18. Rde1 Qd6 19. Ne5 Rad8 20. Ne4 Qxd5 21. Qxd5 Bxd5 22. f3 Bxa2 23. Nc6 Rde8 24. Nc5 Rxe1+ 25. Rxe1 Bf7 26. Re7 Bh6+ 27. Kc2 Bd5 28. Rxc7 Bg5 29. Ne7+ Bxe7 30. Rxe7 a5 31. Rd7 Bc6 32. Rc7 Bd5 33. Rd7 Bf7 34. Ne4 Be6 35. Ra7 a4 36. Ng5 Bf5+ 37. Kc3 Rc8+ 38. Kb4 Rc4+ 39. Kxb5 Rxd4 40. Nxh7 Rd2 41. g4 Rxb2+ 42. Kc5 Bc2 43. Nf6+ Kf8 44. Nh7+ Ke8 45. Nf6+ Kf8 46. f4 Bd1 47. Nh7+ Ke8 48. Nf6+ Kf8 49. Nh7+ Ke8 50. Nf6+ Kf8 51. Rd7 Bb3 52. Nh7+ Ke8 53. Nf6+ Kf8 54. Nh7+ Ke8 1/2-1/2

[Event "11th Tamil Nadu Circuit-IM 2024"]
[Site "Chennai"]
[Date "2024.01.11"]
[Round "4.4"]
[White "Harsh Suresh"]
[Black "Daakshin Arun"]
[Result "1-0"]
[ECO "A45"]
[WhiteElo "2361"]
[BlackElo "2309"]
[Annotator "RC"]
[PlyCount "93"]
[EventDate "2024.01.09"]
[EventType "tourn"]
[EventCountry "IND"]
[SourceTitle "playchess.com"]
[Source "ChessBase"]
[SourceQuality "1"]
[TimeControl "5400+30"]

1. d4 Nf6 2. Bg5 g6 3. Bxf6 exf6 4. c4 d5 5. cxd5 Qxd5 6. Nc3 Qd8 7. g3 h5 8. h4 Bg7 9. Bg2 c6 10. e3 O-O 11. Nge2 Bg4 12. Qd2 Bxe2 13. Qxe2 f5 14. Qd2 Nd7 15. O-O a5 16. Rfd1 Nb6 17. Qc2 Qe7 18. Ne2 a4 19. Rac1 Ra5 20. Nf4 Rfa8 21. a3 Qd6 22. Nd3 Nd7 23. Qd2 Bf8 24. Rc4 Qe6 25. d5 cxd5 26. Nf4 Qd6 27. Rd4 Nb6 28. Nxd5 Bg7 29. Rb4 Nxd5 30. Bxd5 Qe5 31. Rxb7 R5a7 32. Rxf7 Rxf7 33. Bxa8 Ra7 34. Qd8+ Kh7 35. Bd5 Kh6 36. Bc6 Bf6 37. Qb6 Qc7 38. Qc5 Ra6 39. Rd6 Qe7 40. Qb4 Qe5 41. Rd5 Qxb2 42. Qf4+ Kh7 43. Rd7+ Bg7 44. Qc7 Kh6 45. Bd5 Qe5 46. Qd8 Rf6 47. Rxg7 1-0

[Event "11th Tamil Nadu Circuit-IM 2024"]
[Site "Chennai"]
[Date "2024.01.11"]
[Round "4.5"]
[White "Manik, Mikulas"]
[Black "Hemanth Raam"]
[Result "0-1"]
[ECO "C84"]
[WhiteElo "2342"]
[BlackElo "2161"]
[Annotator "RC"]
[PlyCount "72"]
[EventDate "2024.01.09"]
[EventType "tourn"]
[EventCountry "IND"]
[SourceTitle "playchess.com"]
[Source "ChessBase"]
[SourceQuality "1"]
[TimeControl "5400+30"]

1. e4 e5 2. Nf3 Nc6 3. Bb5 a6 4. Ba4 Nf6 5. O-O Be7 6. d3 b5 7. Bb3 d6 8. a3 Bg4 9. c3 O-O 10. h3 Be6 11. Re1 Bxb3 12. Qxb3 Nd7 13. d4 Bf6 14. d5 Na5 15. Qd1 Nb6 16. Nbd2 c6 17. dxc6 Qc7 18. Nf1 Qxc6 19. Ng3 Rfe8 20. Nf5 Rad8 21. Qe2 d5 22. Ng5 g6 23. Nh6+ Kg7 24. Ng4 Nb3 25. exd5 Nxd5 26. Nxf6 Qxf6 27. Nf3 Nf4 28. Bxf4 exf4 29. Qc2 Nxa1 30. Rxa1 Qc6 31. a4 Qe4 32. Qxe4 Rxe4 33. axb5 axb5 34. Ra7 h6 35. Rb7 Rd1+ 36. Kh2 Re2 0-1

[Event "11th Tamil Nadu Circuit-IM 2024"]
[Site "Chennai"]
[Date "2024.01.11"]
[Round "5.1"]
[White "Hemanth Raam"]
[Black "Wagh Suyog"]
[Result "1-0"]
[ECO "B51"]
[WhiteElo "2161"]
[BlackElo "2266"]
[Annotator "RC"]
[PlyCount "85"]
[EventDate "2024.01.09"]
[EventType "tourn"]
[EventCountry "IND"]
[SourceTitle "playchess.com"]
[Source "ChessBase"]
[SourceQuality "1"]
[TimeControl "5400+30"]

1. e4 c5 2. Nf3 d6 3. Bb5+ Nd7 4. c4 Ngf6 5. Nc3 g6 6. O-O Bg7 7. d3 O-O 8. Ba4 Nb6 9. Bc2 Bg4 10. h3 Bxf3 11. Qxf3 Nfd7 12. Bg5 Ne5 13. Qe3 Nc6 14. Rae1 Qd7 15. Bh6 e6 16. Bxg7 Kxg7 17. f4 f6 18. Bd1 e5 19. h4 exf4 20. Rxf4 Rae8 21. Ref1 Qe7 22. Qh3 Kg8 23. R4f2 a6 24. h5 Nd4 25. Bg4 Qe5 26. hxg6 hxg6 27. Qh6 Qg5 28. Qxg5 fxg5 29. Rf6 Kg7 30. Rxd6 Nc6 31. Rxf8 Rxf8 32. Nd5 Nxd5 33. cxd5 Nb4 34. Rb6 Nxd3 35. Rxb7+ Kf6 36. Be2 Nc1 37. Rb6+ Ke5 38. Re6+ Kf4 39. Bxa6 Kg3 40. Rxg6 g4 41. d6 Rf4 42. d7 Rxe4 43. Rxg4+ 1-0

[Event "11th Tamil Nadu Circuit-IM 2024"]
[Site "Chennai"]
[Date "2024.01.11"]
[Round "5.2"]
[White "Daakshin Arun"]
[Black "Manik, Mikulas"]
[Result "1/2-1/2"]
[ECO "D46"]
[WhiteElo "2309"]
[BlackElo "2342"]
[Annotator "RC"]
[PlyCount "60"]
[EventDate "2024.01.09"]
[EventType "tourn"]
[EventCountry "IND"]
[SourceTitle "playchess.com"]
[Source "ChessBase"]
[SourceQuality "1"]
[TimeControl "5400+30"]

1. d4 Nf6 2. c4 c6 3. Nc3 d5 4. e3 e6 5. Nf3 Nbd7 6. Qc2 Bd6 7. Bd3 dxc4 8. Bxc4 b5 9. Be2 Bb7 10. O-O O-O 11. e4 e5 12. dxe5 Nxe5 13. Nd4 Neg4 14. g3 Re8 15. Nf5 Bc5 16. Bf4 Nxf2 17. Rxf2 Bxf2+ 18. Kxf2 b4 19. e5 bxc3 20. exf6 Qxf6 21. g4 g5 22. Be3 Rxe3 23. Kxe3 Re8+ 24. Kf2 Qe5 25. Ng3 cxb2 26. Rb1 Qe3+ 27. Kf1 Qf4+ 28. Kg1 Qe3+ 29. Kf1 Qf4+ 30. Kg1 Qe3+ 1/2-1/2

[Event "11th Tamil Nadu Circuit-IM 2024"]
[Site "Chennai"]
[Date "2024.01.11"]
[Round "5.3"]
[White "Lokesh, N.."]
[Black "Harsh Suresh"]
[Result "1/2-1/2"]
[ECO "C55"]
[WhiteElo "2140"]
[BlackElo "2361"]
[Annotator "RC"]
[PlyCount "124"]
[EventDate "2024.01.09"]
[EventType "tourn"]
[EventCountry "IND"]
[SourceTitle "playchess.com"]
[Source "ChessBase"]
[SourceQuality "1"]
[TimeControl "5400+30"]

1. e4 e5 2. Nf3 Nc6 3. Bc4 Nf6 4. d3 h6 5. O-O d6 6. c3 g5 7. d4 Qe7 8. Re1 Bg7 9. Na3 g4 10. dxe5 dxe5 11. Nd2 Bd7 12. Nc2 O-O-O 13. Ne3 Be6 14. Qa4 Nd7 15. Bb5 Nb6 16. Qc2 h5 17. a4 a6 18. Bf1 h4 19. a5 Nd7 20. b4 g3 21. Nf3 gxf2+ 22. Qxf2 Nf6 23. Ng5 Bh6 24. Nf5 Bxf5 25. Qxf5+ Kb8 26. Bc4 Rdf8 27. Rf1 Ne8 28. Nxf7 Bxc1 29. Raxc1 Nd6 30. Qe6 Nxc4 31. Qxe7 Nxe7 32. Nxh8 Rxh8 33. Rf6 Rg8 34. Kf2 Nd2 35. Re1 Rg4 36. Rf8+ Ka7 37. Re2 Ng6 38. Rf5 Nc4 39. g3 hxg3+ 40. hxg3 Ne7 41. Rf7 Nc8 42. Rxc7 N8d6 43. Kf3 Rxe4 44. Rxe4 Nd2+ 45. Ke3 N2xe4 46. g4 Nf6 47. Rg7 Nd5+ 48. Kd3 Nf4+ 49. Kc2 e4 50. Re7 Kb8 51. g5 Kc8 52. g6 Nf5 53. Rxe4 Nxg6 54. Kb3 Nge7 55. Re6 Kd7 56. Rf6 Nd6 57. c4 Nc6 58. Rh6 Kc7 59. Rh7+ Kc8 60. Rh8+ Kc7 61. Rh7+ Kc8 62. Rh8+ Kc7 1/2-1/2

[Event "11th Tamil Nadu Circuit-IM 2024"]
[Site "Chennai"]
[Date "2024.01.11"]
[Round "5.4"]
[White "Ziatdinov, Raset"]
[Black "Priyanka, K."]
[Result "1/2-1/2"]
[ECO "A58"]
[WhiteElo "2100"]
[BlackElo "2068"]
[Annotator "TA"]
[PlyCount "84"]
[EventDate "2024.01.09"]
[EventType "tourn"]
[EventCountry "IND"]
[SourceTitle "playchess.com"]
[Source "ChessBase"]
[SourceQuality "1"]
[TimeControl "5400+30"]

1. d4 Nf6 2. c4 c5 3. d5 b5 4. cxb5 a6 5. bxa6 g6 6. g3 d6 7. Bg2 Bg7 8. h4 (8. Nf3 $14 {was preferrable.}) 8... Nxa6 $11 9. Nc3 h5 (9... Qa5 $11) 10. Nh3 {[%emt 0:01:16] White is slightly better.} O-O 11. O-O Bd7 12. Rb1 Qa5 13. Bg5 Rfb8 14. Qc1 Nc7 15. Nf4 Nb5 16. Nxb5 (16. Qc2 $15) 16... Qxb5 $17 17. a3 Bf5 18. Bxf6 $1 Bxf6 19. e4 Bd7 {[%emt 0:00:15][%mdl 1024] Black has compensation.} 20. b3 Qa6 21. a4 Rb4 (21... Rb6 $15) 22. Rd1 Rab8 23. e5 $1 {[%emt 0:04:49] The position is equal.} Bxe5 {[%emt 0:03:49][%cal Od7f5] [#] ...Bf5! is the strong threat.} ({Much worse is} 23... dxe5 $6 24. Nd3 Qd6 (24... Rxb3 $2 {too greedy.} 25. Rxb3 Rxb3 26. Nxc5 $18) 25. Nxb4 (25. Qxc5 Rxb3 26. Rxb3 Rxb3 $17) (25. Nxc5 Bf5 $17) 25... Rxb4 26. a5 $18) 24. Nd3 Rxb3 25. Rxb3 Rxb3 26. Nxe5 dxe5 27. Qxc5 Qxa4 28. Qxe7 Rxg3 29. fxg3 {[%emt 0:02:27] [#] Hoping for Rb1.} Qxd1+ $11 {[%emt 0:00:07][%mdl 4096] Endgame. KQB-KQB} 30. Kh2 Qg4 31. Qxe5 Qf5 32. Qc3 Qg4 33. Kg1 Qf5 34. Bf3 g5 35. hxg5 Qxg5 36. Kf2 h4 37. gxh4 Qxh4+ 38. Ke2 Bb5+ 39. Ke3 Qh6+ 40. Kf2 Qh4+ 41. Kg2 Qg5+ 42. Kh2 Qh4+ {[%emt 0:00:56] Weighted Error Value: White=0.09 (flawless) /Black=0.11 (very precise) .  Mistake:       	White=1     	Black=2      Inaccurate:     	White=4     	Black=2      OK:         	White=13    	Black=14     Best:        	White=4     	---        Strong:       	White=2     	---} 1/2-1/2

[Event "11th Tamil Nadu Circuit-IM 2024"]
[Site "Chennai"]
[Date "2024.01.11"]
[Round "5.5"]
[White "Podolchenko, Evgeniy"]
[Black "Khusenkhojaev, Muhammad"]
[Result "1/2-1/2"]
[ECO "D82"]
[WhiteElo "2357"]
[BlackElo "2379"]
[Annotator "RC"]
[PlyCount "99"]
[EventDate "2024.01.09"]
[EventType "tourn"]
[EventCountry "IND"]
[SourceTitle "playchess.com"]
[Source "ChessBase"]
[SourceQuality "1"]
[TimeControl "5400+30"]

1. d4 Nf6 2. c4 g6 3. Nc3 d5 4. Bf4 Bg7 5. e3 c5 6. dxc5 Qa5 7. Rc1 Nbd7 8. cxd5 O-O 9. Qa4 Qxa4 10. Nxa4 Nxd5 11. Bg3 Ne5 12. Nf3 Nxf3+ 13. gxf3 Bd7 14. Bc4 Bxa4 15. Bxd5 Bxb2 16. Rb1 Bc3+ 17. Kf1 Rac8 18. Bxb7 Rxc5 19. Kg2 Rd8 20. Rhc1 a5 21. Ba6 f6 22. Rb8 Rxb8 23. Bxb8 Kf7 24. Ba7 Rg5+ 25. Kf1 Bb4 26. Bc4+ Kg7 27. f4 Rh5 28. Kg1 h6 29. Be2 Rd5 30. Bd4 Bb5 31. Bf3 Rd8 32. Rc7 Be8 33. Ra7 a4 34. a3 Bxa3 35. Bd1 Bc5 36. Bxc5 Rxd1+ 37. Kg2 Bc6+ 38. f3 Rd7 39. Rxd7 Bxd7 40. Bxe7 Kf7 41. Ba3 f5 42. e4 Bc6 43. exf5 gxf5 44. Kf2 Ke6 45. Ke3 Kd5 46. Kd3 Bb5+ 47. Kc3 Be2 48. Bf8 h5 49. h4 Bxf3 50. Kb2 1/2-1/2

[Event "11th Tamil Nadu Circuit-IM 2024"]
[Site "Chennai"]
[Date "2024.01.12"]
[Round "6.1"]
[White "Wagh Suyog"]
[Black "Khusenkhojaev, Muhammad"]
[Result "0-1"]
[ECO "E11"]
[WhiteElo "2266"]
[BlackElo "2379"]
[Annotator "RC"]
[PlyCount "196"]
[EventDate "2024.01.09"]
[EventType "tourn"]
[EventCountry "IND"]
[SourceTitle "playchess.com"]
[Source "ChessBase"]
[SourceQuality "1"]
[TimeControl "5400+30"]

1. d4 Nf6 2. c4 e6 3. g3 Bb4+ 4. Bd2 Be7 5. Bg2 d5 6. Nf3 O-O 7. Qc2 c6 8. O-O Nbd7 9. Rd1 a5 10. a4 b6 11. cxd5 cxd5 12. Nc3 Ba6 13. Nb5 Rc8 14. Qb3 Ne4 15. Rac1 Nxd2 16. Nxd2 Bb4 17. Nf3 Rxc1 18. Rxc1 Qb8 19. e3 Rc8 20. Qd1 Rxc1 21. Qxc1 Qc8 22. Qxc8+ Bxc8 23. Bf1 Bb7 24. Bd3 f6 25. Kf1 Kf7 26. Ne1 g6 27. Nc2 Be7 28. Nc3 Nb8 29. e4 dxe4 30. Bxe4 Bc8 31. Ne3 Bd7 32. Nc4 Bd8 33. Ke2 Na6 34. Ke3 Nb4 35. Nd6+ Ke7 36. Nc4 Kf7 37. Nd6+ Ke7 38. Nc4 Be8 39. b3 Bf7 40. Nb5 Be8 41. Nc3 f5 42. Bh1 g5 43. d5 exd5 44. Nxd5+ Nxd5+ 45. Bxd5 Bc7 46. Kd4 Kf6 47. Bf3 g4 48. Bb7 h5 49. Ne3 Be5+ 50. Kd3 Kg5 51. f4+ gxf3 52. Bxf3 Bd6 53. Nd5 Bc5 54. h4+ Kh6 55. Ne3 Bd7 56. Ke2 b5 57. axb5 Bxb5+ 58. Kf2 Kg6 59. Bd5 Kf6 60. Kf3 Ke5 61. Bf7 Bc6+ 62. Ke2 f4 63. gxf4+ Kxf4 64. Nd5+ Kg3 65. Kd3 Kxh4 66. Kc4 Bd6 67. Nf6 Bf3 68. Kd3 Bc5 69. Nd5 Kg3 70. Kc4 Bf2 71. Bxh5 Bxh5 72. Kb5 Be1 73. Ne3 Be8+ 74. Ka6 Bf7 75. Nf5+ Kf4 76. Nd4 Be8 77. Ne6+ Ke3 78. Kb6 Bf7 79. Nc5 Bd5 80. Kb5 Ke2 81. Ka4 Bb4 82. Kb5 Kd2 83. Na6 Kc3 84. Nc5 Bxc5 85. Kxa5 Bxb3 86. Kb5 Kd4 87. Kc6 Ba4+ 88. Kc7 Kd5 89. Kd8 Kd6 90. Kc8 Bb5 91. Kd8 Bb6+ 92. Kc8 Ba6+ 93. Kb8 Kc6 94. Ka8 Bc8 95. Kb8 Bg4 96. Ka8 Be3 97. Kb8 Kb6 98. Ka8 Bf2 0-1

[Event "11th Tamil Nadu Circuit-IM 2024"]
[Site "Chennai"]
[Date "2024.01.12"]
[Round "6.2"]
[White "Priyanka, K."]
[Black "Podolchenko, Evgeniy"]
[Result "1/2-1/2"]
[ECO "B01"]
[WhiteElo "2068"]
[BlackElo "2357"]
[Annotator "RC"]
[PlyCount "129"]
[EventDate "2024.01.09"]
[EventType "tourn"]
[EventCountry "IND"]
[SourceTitle "playchess.com"]
[Source "ChessBase"]
[SourceQuality "1"]
[TimeControl "5400+30"]

1. e4 d5 2. exd5 Qxd5 3. Nc3 Qa5 4. Bc4 Nf6 5. d4 Bg4 6. f3 Bd7 7. Nge2 e6 8. Bd2 Qb6 9. Bb3 Nc6 10. Be3 O-O-O 11. Qd2 Qa6 12. O-O-O Na5 13. Qd3 Nxb3+ 14. axb3 Qxd3 15. Rxd3 Bc6 16. Rdd1 Be7 17. Nf4 b6 18. Nd3 Nd7 19. Ne5 Nxe5 20. dxe5 Rxd1+ 21. Rxd1 g5 22. Ne4 g4 23. Bg5 Bxe4 24. Bxe7 gxf3 25. gxf3 Bxf3 26. Rg1 Bh5 27. Bf6 Re8 28. Kd2 a5 29. h4 Bg6 30. c4 Kb7 31. Kc3 c5 32. Rd1 Kc7 33. Rh1 Bf5 34. Rg1 h5 35. Rg5 Bg6 36. Rg1 Ra8 37. Be7 Kd7 38. Bf6 Rb8 39. Rd1+ Kc7 40. Be7 Re8 41. Bg5 Bf5 42. Rf1 Rg8 43. Rd1 Ra8 44. Rf1 Rb8 45. Ra1 Bh3 46. Rh1 Bg2 47. Rg1 Be4 48. Rf1 Bg6 49. Ra1 Bf5 50. Kd2 Kc6 51. Kc3 Bg4 52. Rf1 Rb7 53. Rf2 b5 54. Rd2 b4+ 55. Kc2 Bf5+ 56. Kc1 Rd7 57. Rxd7 Kxd7 58. Be3 Kc6 59. Bg5 Bd3 60. Kd2 Bf1 61. Ke1 Bd3 62. Kd2 Bb1 63. Bd8 Ba2 64. Bxa5 Bxb3 65. Kd3 1/2-1/2

[Event "11th Tamil Nadu Circuit-IM 2024"]
[Site "Chennai"]
[Date "2024.01.12"]
[Round "6.3"]
[White "Harsh Suresh"]
[Black "Ziatdinov, Raset"]
[Result "1-0"]
[ECO "C85"]
[WhiteElo "2361"]
[BlackElo "2100"]
[Annotator "RC"]
[PlyCount "71"]
[EventDate "2024.01.09"]
[EventType "tourn"]
[EventCountry "IND"]
[SourceTitle "playchess.com"]
[Source "ChessBase"]
[SourceQuality "1"]
[TimeControl "5400+30"]

1. e4 e5 2. Nf3 Nc6 3. Bb5 a6 4. Ba4 Nf6 5. O-O Be7 6. Bxc6 dxc6 7. d3 Nd7 8. Be3 O-O 9. Nbd2 Re8 10. Nc4 Bf6 11. Bd2 Nf8 12. Bc3 Ng6 13. a4 c5 14. h3 Bd7 15. Nh2 b5 16. axb5 axb5 17. Rxa8 Qxa8 18. Ne3 Bc6 19. b3 Bg5 20. Nf5 c4 21. Qg4 Bf6 22. Qf3 cxd3 23. cxd3 Bg5 24. Ra1 Qd8 25. g3 Ne7 26. Nxg7 Kxg7 27. Bxe5+ f6 28. Bb2 Ng6 29. h4 Bh6 30. Ra6 Re6 31. Qf5 Qd6 32. Ng4 Ne7 33. Qh5 Rxe4 34. Qxh6+ Kg8 35. dxe4 Qd1+ 36. Kh2 1-0

[Event "11th Tamil Nadu Circuit-IM 2024"]
[Site "Chennai"]
[Date "2024.01.12"]
[Round "6.4"]
[White "Manik, Mikulas"]
[Black "Lokesh, N.."]
[Result "1-0"]
[ECO "C60"]
[WhiteElo "2342"]
[BlackElo "2140"]
[Annotator "RC"]
[PlyCount "93"]
[EventDate "2024.01.09"]
[EventType "tourn"]
[EventCountry "IND"]
[SourceTitle "playchess.com"]
[Source "ChessBase"]
[SourceQuality "1"]
[TimeControl "5400+30"]

1. e4 e5 2. Nf3 Nc6 3. Bb5 Nge7 4. Nc3 Ng6 5. h4 Nd4 6. Bc4 c6 7. d3 d5 8. exd5 Bg4 9. dxc6 bxc6 10. h5 Bxf3 11. gxf3 Nh4 12. Kf1 Be7 13. f4 Ndf3 14. Rh3 Nd4 15. fxe5 Qd7 16. Rg3 Qf5 17. Qg4 Nxc2 18. Rb1 Qxe5 19. Bf4 Qf5 20. Qxg7 Kd7 21. Qe5 Qxe5 22. Bxe5 Rhg8 23. Rxg8 Rxg8 24. Bxf7 Rg5 25. d4 Nf3 26. Rd1 Rg1+ 27. Ke2 Rxd1 28. Kxd1 Ncxd4 29. Bb8 a5 30. Ne4 h6 31. Bf4 Nf5 32. Ke2 N3d4+ 33. Kd3 a4 34. Bg6 Ke6 35. Bc1 Nf3 36. Bxf5+ Kxf5 37. Ng3+ Kg4 38. Bxh6 Bf6 39. Bc1 Ne5+ 40. Kc2 Kf3 41. h6 Ng4 42. h7 Nxf2 43. Bd2 Ng4 44. Bc3 Ne5 45. Nf5 Kg4 46. Nh6+ Kg5 47. Bxe5 1-0

[Event "11th Tamil Nadu Circuit-IM 2024"]
[Site "Chennai"]
[Date "2024.01.12"]
[Round "6.5"]
[White "Hemanth Raam"]
[Black "Daakshin Arun"]
[Result "1/2-1/2"]
[ECO "B50"]
[WhiteElo "2161"]
[BlackElo "2309"]
[Annotator "RC"]
[PlyCount "60"]
[EventDate "2024.01.09"]
[EventType "tourn"]
[EventCountry "IND"]
[SourceTitle "playchess.com"]
[Source "ChessBase"]
[SourceQuality "1"]
[TimeControl "5400+30"]

1. e4 c5 2. Nf3 d6 3. Nc3 Nf6 4. Bb5+ Bd7 5. Qe2 a6 6. Bxd7+ Nbxd7 7. O-O g6 8. a4 Bg7 9. b3 O-O 10. Bb2 Rc8 11. d3 e6 12. Nd1 Qc7 13. Ne3 Rfe8 14. Rfe1 h6 15. e5 Nxe5 16. Nxe5 dxe5 17. Nc4 Nd7 18. Nxe5 b5 19. axb5 axb5 20. Ra6 Nxe5 21. Bxe5 Bxe5 22. Qxe5 Qxe5 23. Rxe5 c4 24. dxc4 bxc4 25. b4 Red8 26. Kf1 c3 27. Rc5 Rb8 28. Rxc3 Rxb4 29. Ke2 Re4+ 30. Re3 Rc4 1/2-1/2

[Event "11th Tamil Nadu Circuit-IM 2024"]
[Site "Chennai"]
[Date "2024.01.13"]
[Round "7.1"]
[White "Daakshin Arun"]
[Black "Wagh Suyog"]
[Result "1-0"]
[ECO "E51"]
[WhiteElo "2309"]
[BlackElo "2266"]
[Annotator "RC"]
[PlyCount "43"]
[EventDate "2024.01.09"]
[EventType "tourn"]
[EventCountry "IND"]
[SourceTitle "playchess.com"]
[Source "ChessBase"]
[SourceQuality "1"]
[TimeControl "5400+30"]

1. d4 Nf6 2. c4 e6 3. Nc3 Bb4 4. e3 O-O 5. Bd2 d5 6. Nf3 b6 7. cxd5 exd5 8. Bd3 Bd6 9. O-O Re8 10. Nb5 Bf8 11. Ne5 Ba6 12. Be1 c5 13. a4 Bb7 14. f4 Nc6 15. Bh4 Bd6 16. Bxh7+ Kf8 17. Bxf6 gxf6 18. Qg4 Nxe5 19. fxe5 Bxe5 20. dxe5 Rxe5 21. Qh4 Kg7 22. Bd3 1-0

[Event "11th Tamil Nadu Circuit-IM 2024"]
[Site "Chennai"]
[Date "2024.01.13"]
[Round "7.2"]
[White "Lokesh, N.."]
[Black "Hemanth Raam"]
[Result "0-1"]
[ECO "C55"]
[WhiteElo "2140"]
[BlackElo "2161"]
[Annotator "TA"]
[PlyCount "110"]
[EventDate "2024.01.09"]
[EventType "tourn"]
[EventCountry "IND"]
[SourceTitle "playchess.com"]
[Source "ChessBase"]
[SourceQuality "1"]
[TimeControl "5400+30"]

1. e4 e5 2. Nf3 Nc6 3. Bc4 Nf6 4. d3 h6 5. O-O d6 6. a4 g6 7. Re1 Bg7 8. c3 O-O 9. Nbd2 Kh8 10. Nf1 a6 11. b4 d5 12. exd5 Nxd5 13. Qb3 Be6 14. Ne3 Nf4 15. Bxe6 fxe6 16. Ng4 Nxd3 17. Re2 (17. Bxh6 $1 $11 {was the only way to keep the balance.} Bxh6 18. Nxh6) 17... h5 $1 $17 18. Bg5 Qd5 19. c4 (19. Qxd5 $17 {was forced.} exd5 20. Ne3) 19... Qd7 (19... Qd6 $1 $19 20. Rd1 hxg4 21. Rxd3 gxf3 (21... Qxb4 22. Nd2 $17) 22. Rxd6 fxe2 (22... Nd4 $2 23. Rxd4 exd4 24. Rxe6 $18)) 20. Rd1 $17 hxg4 21. Nh4 (21. Rxd3 $17 {was the only chance.} Qf7 22. Nd2) 21... Rfd8 $1 $19 (21... Ncxb4 22. Qxb4 e4 (22... Kh7 $2 23. Qb1 $18) 23. Nxg6+ Kg8 24. Nxf8 Rxf8 25. Qxb7 (25. Rxe4 Qc6 $11) 25... Qxa4 26. Rf1 Nxf2 27. Qb1 $18 (27. Rexf2 Bd4 $18) (27. Qxc7 $2 Nd3 $19)) 22. Nxg6+ Kh7 23. Bxd8 Rxd8 24. b5 axb5 (24... Kxg6 25. bxc6 bxc6 26. Re3 $17) (24... Nd4 25. Nf8+ Rxf8 (25... Bxf8 26. Qxd3+ Kh8 27. Kh1 $17) 26. Qxd3+ Kg8 27. Re4) 25. cxb5 (25. axb5 {only move.} Nd4 (25... Kxg6 26. bxc6 bxc6 27. Re3 $17) 26. Nf8+ Bxf8 (26... Rxf8 $2 27. Qxd3+ Kg8 28. Rb2 $19) 27. Qxd3+ Kh8 28. Kh1) 25... Nd4 (25... Kxg6 $19 26. bxc6 Qxc6) 26. Nf8+ $17 Rxf8 27. Qxd3+ Kg8 $1 28. Re4 Qd5 (28... Qf7 $1 $17 29. Qg3 Qf5) 29. Rxg4 $15 Qa2 30. Rf1 Qxa4 31. Qg6 Rf7 $1 32. h4 (32. Qg5 $15) 32... Qxb5 33. Ra1 (33. Rb1 $17 Qe2 34. Rxb7 Qxf2+ 35. Kh2) 33... Kf8 $1 $19 34. Ra8+ Ke7 35. Qg5+ Bf6 36. Qg8 Qd7 37. Qb8 $2 (37. Rg6 {was necessary.} Nf5 (37... Bxh4 38. Rg7 $14) 38. h5 Qd1+ 39. Kh2) 37... Nf5 $2 (37... e4 $19 38. Rxe4 Bxh4) 38. Qxb7 $15 Rh7 (38... Nxh4 $2 39. Qb4+ Qd6 40. Rxh4 $18) 39. g3 (39. Rc4 $11 {remains equal.} Nd6 (39... Nxh4 40. Rxc7 Bg7 41. Rxd7+ Kf6 42. Ra7 Nf5 43. Qe4 Kg5 44. Rf7) 40. Qxc7 (40. Qb8 Rh8 $17) 40... Rxh4 (40... Nxc4 41. Qxd7+ Kxd7 42. Ra7+ Ke8 43. Rxh7 $11) 41. Rc1) 39... Nd4 (39... Qd1+ $1 $17 40. Kg2 (40. Kh2 Qc2 $17) 40... Qd5+ (40... Qxg4 41. Qxc7#) 41. Qxd5 exd5) 40. Qe4 Rf7 41. Rgg8 Qd5 42. Rge8+ $2 ({Only move:} 42. Rad8 $1 $15 Qxd8 (42... Qxe4 43. Rge8#) (42... Nf3+ $2 43. Qxf3 Qxd8 44. Rxd8 $18) 43. Rxd8 Kxd8 44. h5) 42... Kd7 $19 43. Qg6 $2 (43. Qxd5+ exd5 44. Rg8) 43... Nf3+ $19 44. Kf1 {[%emt 0:00:02] [#]} Qc4+ $1 45. Kg2 {[%emt 0:00:32] [#]} Nxh4+ $1 (45... Ne1+ 46. Kh2 Nf3+ 47. Kh3 Qf1+ (47... Rg7 48. Red8+ Bxd8 49. Qxg7+ Be7 50. Qh8 $11) 48. Kg4 $17) 46. gxh4 Rg7 47. Red8+ Kc6 48. Qxg7 Bxg7 49. Rg8 Qg4+ 50. Kf1 Qd1+ 51. Kg2 Bf6 52. Rg6 Qd5+ 53. f3 Bxh4 54. Ra6+ Kd7 55. Rg7+ Be7 0-1

[Event "11th Tamil Nadu Circuit-IM 2024"]
[Site "Chennai"]
[Date "2024.01.13"]
[Round "7.3"]
[White "Ziatdinov, Raset"]
[Black "Manik, Mikulas"]
[Result "0-1"]
[ECO "B72"]
[WhiteElo "2100"]
[BlackElo "2342"]
[Annotator "RC"]
[PlyCount "52"]
[EventDate "2024.01.09"]
[EventType "tourn"]
[EventCountry "IND"]
[SourceTitle "playchess.com"]
[Source "ChessBase"]
[SourceQuality "1"]
[TimeControl "5400+30"]

1. e4 c5 2. Nf3 d6 3. d4 cxd4 4. Nxd4 Nf6 5. Nc3 g6 6. Be3 a6 7. f3 h5 8. Qd2 e5 9. Nb3 Be6 10. O-O-O Nbd7 11. Kb1 Qc7 12. Be2 b5 13. a3 Rb8 14. Rc1 Nb6 15. Bg5 Nh7 16. Bh6 Nc4 17. Bxc4 bxc4 18. Bxf8 Nxf8 19. Na1 Qb6 20. Nd1 Nd7 21. c3 Nc5 22. Nf2 Rb7 23. Rc2 Na4 24. Ka2 Ke7 25. Rb1 Rhb8 26. g4 Qxf2 0-1

[Event "11th Tamil Nadu Circuit-IM 2024"]
[Site "Chennai"]
[Date "2024.01.13"]
[Round "7.4"]
[White "Podolchenko, Evgeniy"]
[Black "Harsh Suresh"]
[Result "1/2-1/2"]
[ECO "D38"]
[WhiteElo "2357"]
[BlackElo "2361"]
[Annotator "RC"]
[PlyCount "60"]
[EventDate "2024.01.09"]
[EventType "tourn"]
[EventCountry "IND"]
[SourceTitle "playchess.com"]
[Source "ChessBase"]
[SourceQuality "1"]
[TimeControl "5400+30"]

1. d4 d5 2. c4 e6 3. Nc3 Nf6 4. cxd5 exd5 5. Bg5 Bb4 6. Nf3 Nbd7 7. e3 c5 8. Be2 Qa5 9. O-O Bxc3 10. bxc3 Ne4 11. c4 dxc4 12. Bxc4 cxd4 13. Qe1 Qxe1 14. Rfxe1 d3 15. Bh4 Ndc5 16. Ne5 Nd6 17. Bxd3 f6 18. Nc4 Nxc4 19. Bxc4 Be6 20. Bf1 Kf7 21. f3 Rhd8 22. a4 Nb3 23. Ra3 Nd2 24. Be2 Rac8 25. e4 Bc4 26. Bd1 Be6 27. Be2 Bc4 28. Bd1 Be6 29. Be2 Bc4 30. Bd1 Be6 1/2-1/2